 Dungeon Crawl Stone Soup version 0.24-a0-520-g8fd06ad0bc (webtiles) character file.

Game seed: 14446776067541380798

4781 CoolPlay the Basher (level 10, 89/89 (90) HPs)
             Began as a Minotaur Wizard on July 26, 2019.
             Was an Initiate of Gozag.
             Quit the game on level 1 of the Lair of Beasts.
             The game lasted 00:31:06 (9694 turns).

CoolPlay the Basher (Minotaur Wizard)               Turns: 9694, Time: 00:31:07

HP:   89/89 (90)    AC: 17    Str: 18    XL:     10   Next: 23%
MP:   14/14         EV:  7    Int: 15    God:    Gozag
Gold: 509           SH: 12    Dex:  8    Spells: 12/13 levels left

rFire    . . .     SeeInvis .   b - +0 hunting sling
rCold    . . .     Gourm    .   L - +0 shield
rNeg     . . .     Faith    .   r - +4 chain mail {MR+}
rPois    +         Spirit   .   y - +0 hat
rElec    .         Reflect  +   U - +2 cloak
rCorr    .         Harm     .   (no gloves)
MR       +....                  T - +0 pair of boots
Stlth    ..........             G - +3 amulet of reflection
HPRegen  0.24/turn              v - ring of poison resistance
MPRegen  0.14/turn              E - +2 ring of evasion

@: no status effects
A: retaliatory headbutt, horns 2, high mp 1, shaggy fur 1, strong 1
a: Potion Petition, Call Merchant, Bribe Branch, Renounce Religion


You were on level 1 of the Lair of Beasts.
You worshipped Gozag.
Gozag was pleased with you.
You were not hungry.

You visited 2 branches of the dungeon, and saw 9 of its levels.
You also visited: Ossuary.

You collected 953 gold pieces.
You spent 382 gold pieces at shops.
You paid 62 gold pieces to Gozag.

Inventory:

Hand Weapons
 a - a +3 mace of draining
 b - a +0 hunting sling (weapon)
 j - a +4 spear of venom
 l - a +2 falchion of electrocution
 s - a +0 dagger of speed
 w - a +1 spear of piercing
 x - a +3 dagger of venom
 F - a cursed -1 dagger
 I - a +2 hand axe of freezing
 M - a +0 dire flail of protection
 N - a +0 vampiric war axe
 R - a +1 halberd of freezing
Missiles
 e - 131 stones
 k - 31 poisoned darts
 n - 75 sling bullets (quivered)
 P - a throwing net
 S - 6 curare-tipped darts
Armour
 f - a +0 cloak
 r - a +4 chain mail of magic resistance (worn)
 y - a +0 hat (worn)
 L - a +0 shield (worn)
 T - a +0 pair of boots (worn)
 U - a +2 cloak (worn)
Jewellery
 p - an uncursed ring of wizardry
 v - a ring of poison resistance (left hand)
 E - a +2 ring of evasion (right hand)
 G - a +3 amulet of reflection (around neck)
 J - an uncursed ring of protection from fire
 K - an uncursed amulet of the gourmand {unknown}
Wands
 u - a wand of flame (16)
 O - a wand of scattershot (6)
Scrolls
 c - 2 scrolls of blinking
 g - 3 scrolls of teleportation
 h - a scroll of magic mapping
 i - 2 scrolls of remove curse
 m - a scroll of fear
 o - 2 scrolls of immolation
 q - a scroll of random uselessness
 C - a scroll of vulnerability
 Q - a scroll of identify
Potions
 t - 3 potions of mutation
 z - 2 potions of curing
 A - a potion of resistance
 B - 2 potions of might
 D - a potion of flight
 H - a potion of ambrosia
Comestibles
 d - 15 rations


   Skills:
 + Level 8.8 Fighting
 - Level 3.8(3.9) Short Blades
 - Level 0.1(2.5) Long Blades
 + Level 10.9 Maces & Flails
 - Level 3.9(4.0) Slings
 - Level 1.3(2.6) Throwing
 - Level 2.1 Dodging
 - Level 1.5 Stealth
 * Level 5.4 Shields
 - Level 2.1 Spellcasting
 - Level 0.6 Conjurations
   Level 0.6 Summonings
   Level 0.6 Translocations
 - Level 5.0 Evocations


You had 12 spell levels left.
You knew the following spells:

 Your Spells              Type           Power        Failure   Level  Hunger
a - Magic Dart            Conj           #...         100%        1    #......

Your spell library contained the following spells:

 Spells                   Type           Power        Failure   Level  Hunger
 Blink                    Tloc           N/A          100%        2    ###....
 Call Imp                 Summ           #.......     100%        2    ###....
 Slow                     Hex            #.......     100%        2    ###....
 Conjure Flame            Conj/Fire      #.......     100%        3    ###....
 Mephitic Cloud           Conj/Pois/Air  #.......     100%        3    ###....


Dungeon Overview and Level Annotations

Branches:
Dungeon (8/15)             Temple (0/1) D:7            Lair (1/6) D:8

Altars:
Gozag
Hepliaklqana
Kikubaaqudgha
Qazlal
Ru
Uskayaw
Vehumet
Wu Jian
Xom
The Shining One

Shops:
D:5 =   D:8 [

Annotations:
D:4 2 runed translucent doors, Richi's ghost, amateur DEFE


Innate Abilities, Weirdness & Mutations

You reflexively headbutt those who attack you in melee.
You have a pair of horns on your head.
You have an increased reservoir of magic. (+10% MP)
You are covered in fur. (AC +1)
Your muscles are strong. (Str +2)


Message History

Okay, then.
Wear which item? (? for menu, Esc to quit)
You start putting on your armour.
You continue putting on your +0 pair of boots. x4
You finish putting on your +0 pair of boots.
U - a +2 cloak Thank you for shopping at Wicosefy's Armour Emporium!
Wear which item? (? for menu, Esc to quit)
You start removing your armour.
You continue taking off your +0 cloak. x4
You finish taking off your +0 cloak.
You start putting on your armour.
You continue putting on your +2 cloak. x5
You finish putting on your +2 cloak.
Found a ring mail.
You now have 509 gold pieces (gained 14).
b - a +0 hunting sling (weapon)
There is a staircase to the Lair here.
You climb downwards.
Welcome to the Lair of Beasts!
A water moccasin comes into view.
Found a scroll of remove curse.
There is a staircase back to the Dungeon here.

......##
......#####
.....#... #.
.......#...
........
.....#
#....#
#@...#
.......#...#
.......
.......
.......
....#..
.S.....
.#### .
.....## ♣.
?.... .
..... .


You could see a water moccasin.

Vanquished Creatures
  Joseph (D:7)
  Grinder (D:6)
  A hungry ghost (D:4)
  5 orc warriors
  A sky beast (D:8)
  A necrophage (D:7)
  2 phantoms
  2 ice beasts
  4 ogres
  2 centaurs (D:8)
  A big kobold (D:8)
  2 bullfrogs (D:8)
  An elf zombie (Ossuary)
  A wyvern zombie (D:7)
  A gnoll sergeant (D:7)
  2 scorpions
  18 wights
  2 howler monkeys
  4 crimson imps
  A jelly (D:5)
  3 human zombies (Ossuary)
  5 orc priests
  Natasha (thrice) (D:2)
  2 iguanas
  6 worker ants
  9 orc wizards
  2 big kobold zombies (Ossuary)
  A hound skeleton (D:8)
  2 mummies (Ossuary)
  6 gnolls
  9 adders
  A howler monkey skeleton (D:2)
  2 shadow imps (D:6)
  2 oozes
  3 adder zombies (Ossuary)
  An adder skeleton (D:3)
  10 worms
  2 dart slugs
  6 leopard geckos
  35 orcs
  10 bats
  5 giant cockroaches
  4 goblins
  6 hobgoblins
  12 jackals
  14 kobolds
  5 quokkas
  5 frilled lizards
  A goblin skeleton (D:4)
  2 goblin zombies
  11 hobgoblin zombies
  A jackal skeleton (D:5)
  A jackal zombie (Ossuary)
  3 kobold skeletons (D:4)
  10 kobold zombies (Ossuary)
  A leopard gecko zombie (D:8)
  An orc skeleton (D:4)
  9 orc zombies
  A quokka skeleton (D:4)
  9 rats
274 creatures vanquished.

Vanquished Creatures (others)
  A wyvern skeleton (D:8)
  A plant (D:3)
2 creatures vanquished.

Grand Total: 276 creatures vanquished

Notes
Turn   | Place    | Note
-------+----------+-------------------------------------------
     0 | D:1      | CoolPlay the Minotaur Wizard began the quest for the Orb.
     0 | D:1      | Reached XP level 1. HP: 14/14 MP: 2/2
    99 | D:1      | Reached skill level 1 in Fighting
   583 | D:1      | Reached XP level 2. HP: 24/24 MP: 4/4
   970 | D:1      | Reached skill level 1 in Short Blades
  1115 | D:2      | Reached XP level 3. HP: 30/30 MP: 5/5
  1372 | D:2      | Reached XP level 4. HP: 33/38 MP: 6/6
  1577 | D:2      | Noticed Natasha
  1586 | D:2      | Killed Natasha
  1592 | D:2      | Noticed Natasha
  1601 | D:2      | Killed Natasha
  1601 | D:2      | Reached XP level 5. HP: 44/46 MP: 7/7
  1828 | D:2      | Noticed Natasha
  1842 | D:2      | Killed Natasha
  1842 | D:2      | Reached skill level 1 in Throwing
  2172 | D:2      | Found an ornate altar of the Wu Jian Council.
  2396 | D:3      | Reached skill level 1 in Maces & Flails
  2563 | D:3      | Found a shimmering altar of Xom.
  2779 | D:3      | Reached skill level 2 in Maces & Flails
  3437 | D:4      | Reached XP level 6. HP: 52/52 MP: 8/8
  3439 | D:4      | Noticed a hungry ghost
  3599 | D:4      | Found a glowing golden altar of the Shining One.
  3633 | D:4      | Reached skill level 3 in Maces & Flails
  3659 | D:4      | Found an ancient bone altar of Kikubaaqudgha.
  3672 | D:4      | Found a runed translucent door.
  3674 | D:4      | Noticed Richi's ghost (amateur DEFE)
  3805 | D:4      | Reached skill level 4 in Maces & Flails
  4086 | D:4      | Found a runed translucent door.
  4147 | D:4      | Reached skill level 5 in Maces & Flails
  4147 | D:4      | Reached XP level 7. HP: 35/59 MP: 9/9
  4262 | D:4      | Reached skill level 6 in Maces & Flails
  4273 | D:4      | Found a hide-covered altar of Uskayaw.
  4518 | D:4      | Killed a hungry ghost
  4518 | D:4      | Reached skill level 7 in Maces & Flails
  4553 | D:4      | Found a stormy altar of Qazlal.
  4786 | D:5      | Entered Level 5 of the Dungeon
  4986 | D:5      | Reached skill level 1 in Slings
  5118 | D:5      | Found a sacrificial altar of Ru.
  5156 | D:5      | Found a sand-covered staircase.
  5162 | Ossuary  | Entered an ossuary
  5180 | Ossuary  | Reached skill level 8 in Maces & Flails
  5306 | Ossuary  | Reached skill level 1 in Evocations
  5370 | Ossuary  | Reached XP level 8. HP: 53/67 MP: 10/10
  5866 | Ossuary  | Gained mutation: You are agile. (Dex +2) [potion of
                  | mutation]
  5866 | Ossuary  | Gained mutation: You occasionally shout uncontrollably at
                  | your foes. [potion of mutation]
  5866 | Ossuary  | Gained mutation: Your mind is acute. (Int +2) [potion of
                  | mutation]
  5867 | Ossuary  | Lost mutation: Your mind is acute. (Int +2) [potion of
                  | mutation]
  5867 | Ossuary  | Lost mutation: You occasionally shout uncontrollably at
                  | your foes. [potion of mutation]
  5867 | Ossuary  | Lost mutation: You are agile. (Dex +2) [potion of mutation]
  5867 | Ossuary  | Gained mutation: Your muscles are strong. (Str +2) [potion
                  | of mutation]
  5867 | Ossuary  | Gained mutation: You are covered in fur. (AC +1) [potion of
                  | mutation]
  5867 | Ossuary  | Gained mutation: You have an increased reservoir of magic.
                  | (+10% MP) [potion of mutation]
  6150 | D:5      | Reached skill level 5 in Fighting
  6484 | D:5      | Found Waikam's Jewellery Shop.
  6685 | D:5      | Found an opulent altar of Gozag.
  6801 | D:5      | Became a worshipper of Gozag Ym Sagoz the Greedy
  6927 | D:6      | Noticed Grinder
  7123 | D:6      | Killed Grinder
  7123 | D:6      | Reached skill level 9 in Maces & Flails
  7246 | D:5      | Bought a +3 amulet of reflection for 172 gold pieces
  7382 | D:6      | Reached XP level 9. HP: 70/75 MP: 12/12
  8032 | D:7      | Noticed Joseph
  8109 | D:7      | Killed Joseph
  8253 | D:7      | Reached skill level 10 in Maces & Flails
  8391 | D:7      | Found a staircase to the Ecumenical Temple.
  8423 | D:7      | Reached skill level 5 in Evocations
  8497 | D:7      | Reached skill level 1 in Shields
  9041 | D:8      | Reached XP level 10. HP: 80/89 MP: 14/14
  9299 | D:8      | Reached skill level 5 in Shields
  9620 | D:8      | Found a hazy altar of Hepliaklqana.
  9647 | D:8      | Found a radiant altar of Vehumet.
  9649 | D:8      | Found Wicosefy's Armour Emporium.
  9663 | D:8      | Found a staircase to the Lair.
  9666 | D:8      | Bought a +0 pair of boots for 45 gold pieces
  9671 | D:8      | Bought a +2 cloak for 165 gold pieces
  9693 | Lair:1   | Entered Level 1 of the Lair of Beasts
  9694 | Lair:1   | Quit the game

Levels and vault maps discovered:
D:1:      wander_arrival_desolate, layout_loops_ring
D:2:      layout_loops_ring, lemuel_coloured_pillars_altar, uniq_natasha
D:3:      layout_loops_ring, lemuel_round_altar, serial_bayou,
          serial_bayou_lagoon_a, serial_bayou_lake_a, serial_bayou_shore_b
D:4:      layout_cave_pods, overflow_temple_1_default,
          kiku_gazebo_garden_becter, grunt_qazlal_clouds,
          nicolae_tso_besieged_by_evil, ebering_ghost_sewer_f, st_stairs_6,
          minmay_fractal_squares_diagonal_5
D:5:      layout_loops_ring, lemuel_round_altar, lemuel_round_altar,
          first_ration, serial_shops, shop_fountains, enter_ossuary_1
D:6:      layout_cave_pools, lightli_orcish_oven, uniq_grinder
D:7:      layout_loops_ring, temple_fountains, grunt_ogre_cave, uniq_joseph
D:8:      layout_basic, lemuel_round_altar, fiery_altar_vehumet,
          chequers_temple_overflow_statue_of_worship, lair_entry_dummy,
          serial_shops, kennysheep_mini_moat, nicolae_shop_behind_doors, shop
Lair:1:   layout_hall_layers, grunt_megastairs_1, infiniplex_staircase_pool_2,
          serial_bayou_shore_b

Skill      XL: |  1  2  3  4  5  6  7  8  9 10 |
---------------+-------------------------------+-----
Fighting       | 2 3 4 6 8 |  8.8
Short Blades   | 1 2 3 |  3.8
Throwing       | 1 |  1.3
Maces & Flails | 2 5 8 9 10 | 10.9
Slings         | 1 3 |  3.9
Evocations     | 1 3 5 |  5.0
Shields        | 3 5 |  5.4
Long Blades    | |  0.1
Dodging        | |  2.1
Stealth        | |  1.5
Spellcasting   | |  2.1
Conjurations   | |  0.6
Summonings     | |  0.6
Translocations | |  0.6

Action                   |  1- 3 |  4- 6 |  7- 9 | 10-12 || total
-------------------------+-------+-------+-------+-------++-------
Melee: Unarmed           |    12 |       |       |       ||    12
       Club              |     6 |       |       |       ||     6
       Headbutt          |    13 |    56 |    63 |    14 ||   146
       Dagger            |    92 |   393 |       |       ||   485
       Mace              |       |    13 |   393 |    84 ||   490
       Dire flail        |       |       |    37 |       ||    37
 Fire: Hunting sling     |       |       |   132 |    38 ||   170
Throw: Dart              |    33 |    68 |    21 |       ||   122
 Cast: Magic Dart        |    12 |       |       |       ||    12
Invok: Potion Petition   |       |       |     1 |       ||     1
Evoke: Wand              |       |       |     9 |       ||     9
  Use: Scroll            |     1 |       |    16 |       ||    17
       Potion            |       |     1 |     5 |       ||     6
  Eat: Chunk             |     2 |     9 |     9 |       ||    20
       Ration            |       |       |     3 |     1 ||     4
Armor: Robe              |     3 |       |       |       ||     3
       Chain mail        |    48 |   219 |   226 |    22 ||   515
       Ring mail         |    13 |       |       |       ||    13
Dodge: Dodged            |    48 |   107 |   128 |    15 ||   298
Block: Other             |       |       |    16 |       ||    16
       Shield            |       |       |    31 |    53 ||    84
       Reflection        |       |       |     4 |     2 ||     6

Table legend:
 A = Non-vault XP
 B = Vault XP
 C = Vault XP percentage of total XP
 D = Non-vault monster count
 E = Vault monster count
 F = Vault count percentage of total count
                 A         B        C        D         E       F
            +---------+---------+-------+---------+---------+-------
      Total |    5113 |    1718 |  25.2 |     207 |      67 |  24.5
            +---------+---------+-------+---------+---------+-------
        D:1 |      36 |       0 |   0.0 |      21 |       0 |   0.0
        D:2 |     205 |      35 |  14.6 |      34 |       1 |   2.9
        D:3 |     103 |       0 |   0.0 |      34 |       0 |   0.0
        D:4 |     434 |     354 |  44.9 |      17 |      18 |  51.4
        D:5 |     681 |       0 |   0.0 |      25 |       0 |   0.0
        D:6 |     382 |     441 |  53.6 |      12 |       7 |  36.8
        D:7 |    1535 |     540 |  26.0 |      34 |       2 |   5.6
        D:8 |    1737 |       0 |   0.0 |      30 |       0 |   0.0
    Ossuary |       0 |     348 | 100.0 |       0 |      39 | 100.0
            +---------+---------+-------+---------+---------+-------
